 Dungeon Crawl Stone Soup version 0.31-b1-12-gca42e3d1b8 (webtiles) character file.

Game seed: 479867651489476761

58 hawla the Scratcher (level 3, 0/11 HPs)
             Began as a Felid Shapeshifter on Jan 14, 2024.
             Slain by a goblin
             ... wielding a +0 club
             ... led by Robin
              (3 damage)
             ... on level 2 of the Dungeon.
             The game lasted 00:04:02 (978 turns).

hawla the Scratcher (Felid Shapeshifter)             Turns: 978, Time: 00:04:03

Health: 0/11       AC:  1    Str:  9 (10) XL:     3   Next: 76%
Magic:  4/4        EV: 21    Int: 13 (15) God:
Gold:   135        SH:  0    Dex: 12 (15) Spells: 2/2 levels left
                                        Lives:  0   Deaths: 1

rFire   . .          .
                       - Unarmed
rCold   . . .        (shield unavailable)
rNeg    . . .        (body armour unavailable)
rPois   .            (helmet unavailable)
rElec   .            (cloak unavailable)
rCorr   .            (gloves unavailable)
SInv    +            (boots unavailable)
Will    .....        (no amulet)
Stlth   +            e - ring of wizardry
HPRegen 0.21/turn    (no ring)
MPRegen 0.09/turn

%: wizardry (x1)
@: flux-form, glowing
A: glow, contaminating, reduced hp, very small, claws 1, fangs 3, see invisible,
shaggy fur 1, stealthy paws, no weapons or thrown items, no armour, multi-lived
a: Begin Untransformation


You were on level 2 of the Dungeon.
You were something dangerously unstable.
You visited 1 branch of the dungeon, and saw 2 of its levels.

You collected 135 gold pieces.

Inventory:

Jewellery
 e - a ring of wizardry (left paw)
Talismans
 b - a beast talisman
 c - a flux talisman (active)
Wands
 f - a wand of flame (25)
Scrolls
 i - a scroll of enchant weapon {unknown}
 k - a scroll of poison {unknown}
 l - a scroll of identify {unknown}
Potions
 h - a potion of attraction {unknown}
 j - a potion of enlightenment {unknown}
 m - a potion of curing {unknown}


   Skills:
 + Level 1.1 Fighting
 + Level 3.0 Dodging
 + Level 0.8 Stealth
 + Level 4.0 Unarmed Combat
 + Level 3.1 Shapeshifting


You had 2 spell levels left.
You didn't know any spells.
Your spell library contained the following spells:

 Spells                   Type           Power      Damage    Failure   Level
 Tukima's Dance           Hex            0%         N/A       34%         3
 Iskenderun's Mystic Bla  Conj/Tloc      0%         2d3       73%         4
 Dimensional Bullseye     Hex/Tloc       Unusable   N/A       N/A         4

Dungeon Overview and Level Annotations

Branches:
Dungeon (2/15)

Altars:

Annotations:
D:2 Robin


Innate Abilities, Weirdness & Mutations

You are something dangerously unstable.
You glow with magical radiation, making you easy to see and hit.
Foes you strike become dangerously contaminated with magical radiation.
Your maximum health is decreased, since you lack skill for your form.
You have sharp claws.
You have razor-sharp teeth.
You have supernaturally acute eyesight. (SInv)
You are covered in fur. (AC +1)
Your paws help you pounce on unaware monsters.
You are incapable of wielding weapons or throwing items.
You cannot wear armour.
You gain extra lives every three experience levels.


Message History

The goblin misses you.
You scratch the goblin.
You kill the goblin!
You completely miss the hobgoblin.
You bite the hobgoblin, but do no damage.
Robin throws the goblin at you! The goblin misses you.
The hobgoblin barely misses you.
You scratch the goblin.
The goblin begins to glow.
The goblin is heavily wounded.
The goblin closely misses you. The hobgoblin closely misses you.
You scratch the hobgoblin.
The hobgoblin begins to glow.
The hobgoblin is severely wounded.
The goblin hits you with a +0 dagger.
* * * LOW HITPOINT WARNING * * *
The hobgoblin misses you.
Unknown command.
You feel much better. The goblin hits you with a +0 dagger.
The hobgoblin misses you.
You scratch the hobgoblin.
The hobgoblin glows dangerously bright.
The hobgoblin is almost dead.
Robin roars a battlecry!
The goblins go into a battle-frenzy!
The goblin closely misses you. The hobgoblin closely misses you.
You hear a shout! x2
You barely miss the goblin. You bite the goblin.
You kill the goblin!
The hobgoblin misses you.
You barely miss the hobgoblin.
The hobgoblin is almost dead.
A goblin comes into view. It is wielding a +0 dagger.
The hobgoblin barely misses you.
You barely miss the hobgoblin.
The hobgoblin is severely wounded.
Robin throws the goblin at you! The goblin completely misses you.
The hobgoblin hits you.
* * * LOW HITPOINT WARNING * * *
You barely miss the goblin.
Robin laughs in a distinctly smug fashion.
The goblin hits you with a +0 club.
You die...

..........รท#.#.###.###.#
###...#...##..(........#
###...(........###.#####
.........###.......#
###..##### ##..##### #..#
#..# #..# #..#
#(.########.g######
#..........gggpg..#
##.##.#####.#####.#
#.##.# #)# #.##.## #g#
#.#...####g# #........:g#
###...####g# ##.## #g..
#.# #.##g#


You could see Robin, 2 hobgoblins and 2 goblins.

Vanquished Creatures
  2 adders (D:2)
  2 dart slugs (D:1)
  5 bats
  3 endoplasms (D:1)
  A giant cockroach (D:1)
  7 goblins
  2 hobgoblins (D:2)
  3 quokkas (D:1)
  2 ball pythons
  A frilled lizard (D:1)
  4 kobolds
  2 rats (D:2)
34 creatures vanquished.

Notes
Turn   | Place    | Note
-------+----------+-------------------------------------------
     0 | D:1      | hawla the Felid Shapeshifter began the quest for the Orb.
     0 | D:1      | Reached XP level 1. HP: 10/10 MP: 2/2
    92 | D:1      | Reached XP level 2. HP: 14/14 MP: 3/3
   330 | D:1      | Slain by a goblin
   330 | D:1      | Lost a life (0 lives remaining)
   581 | D:2      | Reached XP level 3. HP: 17/18 MP: 4/4
   707 | D:2      | Reached skill level 4 in Unarmed Combat
   946 | D:2      | Noticed Robin
   952 | D:2      | Identified a scroll of acquirement
   952 | D:2      | Acquired a manual of Fighting
   978 | D:2      | Slain by a goblin

Illustrated notes

Levels and vault maps discovered:
D:1:      psy_arrival_spokes, layout_rooms
D:2:      layout_loops_ring, uniq_robin, uniq_jessica

Skill      XL: |  1  2  3 |
---------------+----------+-----
Shapeshifting  | 3 |  3.1
Unarmed Combat | 4 |  4.0
Dodging        | 3 |  3.0
Fighting       | |  1.1
Stealth        | |  0.8

Action                     || total
---------------------------++-------
  Melee: Unarmed           ||   100
         Bite              ||    13
         Punch             ||     2
Ability: Begin Untransform ||     1
    Use: Potion            ||     5
         Scroll            ||     6
   Stab: Sleeping          ||     1
 Armour: Skin              ||    38
  Dodge: Dodged            ||    99
   Form: Flux              ||     1
